 Dungeon Crawl Stone Soup version 0.26-b1-32-g5d43845318 (webtiles) character file.

Game seed: 10213164603396359634

92 Borgoz the Skirmisher (level 4, -4/40 HPs)
             Began as a Ghoul Fighter on Jan 13, 2021.
             Killed from afar by Blork the orc (5 damage)
             ... with a puff of flame
             ... while paralysed
             ... on level 4 of the Dungeon.
             The game lasted 00:02:35 (3272 turns).

Borgoz the Skirmisher (Ghoul Fighter)               Turns: 3272, Time: 00:02:36

Health: -4/40      AC:  8    Str: 16 (19) XL:     4   Next: 60%
Magic:  3/3        EV:  2    Int:  0 (3)  God:
Gold:   179        SH:  0    Dex:  6 (9)  Spells: 0/3 levels left

rFire    . . .     SeeInvis .   a - +0 long sword
rCold    + . .     Faith    .   c - +0 kite shield
rNeg     + + +     Spirit   .   b - +0 scale mail
rPois    ∞         Reflect  .   g - +2 hat
rElec    .         Harm     .   (no cloak)
rCorr    .         Rampage  .   (no gloves)
Will     +....                  (no boots)
Stlth    ..........             q - amulet of regeneration
HPRegen  0.00/turn              j - ring of willpower
MPRegen  0.08/turn              (no ring)

@: paralysed, slowed, lost intelligence
A: claws 1, cold resistance 1, negative energy resistance 3, inhibited
regeneration, torment resistance, unbreathing
a: no special abilities


You were on level 4 of the Dungeon.
You visited 1 branch of the dungeon, and saw 4 of its levels.

You collected 179 gold pieces.

Inventory:

Hand Weapons
 a - a +0 long sword (weapon)
Armour
 b - a +0 scale mail (worn)
 c - a +0 kite shield (worn)
 g - a +2 hat (worn)
Jewellery
 j - a ring of willpower (left claw)
 q - an amulet of regeneration (around neck)
Scrolls
 e - a scroll of noise {unknown}
 k - 2 scrolls of remove curse {unknown}
 o - 4 scrolls of identify {unknown}
 r - a scroll of amnesia {unknown}
 t - a scroll of enchant armour {unknown}
 v - a scroll of fog {unknown}
 w - a scroll of magic mapping {unknown}
 x - a scroll of blinking {unknown}
Potions
 d - 2 potions of might
 f - a potion of degeneration
 h - a potion of ambrosia {unknown}
 i - a potion of berserk rage {unknown}
 l - a potion of lignification {unknown}
 m - a potion of attraction {unknown}
 n - a potion of haste {unknown}
 p - 2 potions of heal wounds {unknown}
 s - a potion of experience {unknown}
 u - a potion of curing {unknown}


   Skills:
 + Level 3.6 Fighting
 * Level 2.5 Long Blades
 + Level 3.1 Armour
 * Level 1.9 Dodging
 + Level 3.0 Shields


You couldn't memorise any spells.
You knew the following spells:

 Your Spells              Type           Power        Failure   Level
a - Vampiric Draining     Necr           0%           100%        3

Your spell library contained the following spells:

 Spells                   Type           Power        Failure   Level
 Animate Skeleton         Necr           0%           100%        1
 Pain                     Necr           0%           100%        1
 Animate Dead             Necr           0%           100%        4
 Agony                    Necr           0%           100%        5


Dungeon Overview and Level Annotations

Branches:
Dungeon (4/15)
 Temple: D:4-7

Altars:
Elyvilon
Wu Jian
Zin
The Shining One

Shops:
D:4 :

Annotations:
D:4 Blork the orc


Innate Abilities, Weirdness & Mutations

You thrive by killing the living.
You are immune to poison.
You have sharp fingernails.
Your flesh is cold resistant. (rC+)
You are immune to negative energy. (rN+++)
You do not regenerate when monsters are visible.
You are immune to unholy pain and torment.
You can survive without breathing.


Message History

You barely miss Blork the orc.
Blork the orc is severely wounded.
Blork the orc casts a spell.
Blork the orc seems to speed up.
You hit Blork the orc but do no damage.
Blork the orc is severely wounded.
Blork the orc hits you with a cursed -3 glaive.
* * * LOW HITPOINT WARNING * * *
Blork the orc barely misses you.
You riposte.
Your shield and scale mail prevent you from hitting Blork the orc.
Blork the orc is severely wounded.
It was a potion of degeneration.
There was something very wrong with that liquid.
You feel weakened.
You feel dopey.
You have lost your intelligence.
You feel clumsy.
Blork the orc hits you with a cursed -3 glaive.
* * * LOW HITPOINT WARNING * * *
Blork the orc points at you and mumbles some strange words.
The puff of flame hits you.
You die...

##.########## #.#
#.### #.#.. #.#.#
#.#.# . #.#.#
....##.#.####
.........@o..#
.............#
.................
............$####
...............
####.........###
##.........
#.#########


You could see Blork the orc (fast).

Vanquished Creatures
  2 adders
  An ooze (D:2)
  A worm (D:3)
  A dart slug (D:1)
  5 leopard geckos
  An orc (D:3)
  2 ball pythons
  4 giant cockroaches
  7 goblins
  2 hobgoblins (D:1)
  13 jackals
  4 kobolds
  4 bats
  3 frilled lizards (D:1)
  4 rats
54 creatures vanquished.

Notes
Turn   | Place    | Note
-------+----------+-------------------------------------------
     0 | D:1      | Borgoz the Ghoul Fighter began the quest for the Orb.
     0 | D:1      | Reached XP level 1. HP: 19/19 MP: 0/0
   206 | D:1      | Reached XP level 2. HP: 26/26 MP: 1/1
   309 | D:1      | Reached skill level 1 in Dodging
   443 | D:1      | Reached XP level 3. HP: 20/31 MP: 2/2
  1343 | D:2      | Found an ornate altar of the Wu Jian Council.
  1629 | D:2      | Reached XP level 4. HP: 29/38 MP: 3/3
  2103 | D:3      | Found a faded altar of an unknown god.
  2369 | D:3      | Learned a level 3 spell: Vampiric Draining
  2661 | D:3      | Found a glowing silver altar of Zin.
  2663 | D:3      | Found a glowing golden altar of the Shining One.
  2663 | D:3      | Found a white marble altar of Elyvilon.
  3218 | D:4      | Found Fuiroba's Book Boutique.
  3242 | D:4      | Noticed Blork the orc
  3271 | D:4      | Lost intelligence.
  3271 | D:4      | HP: 1/40 [Blork the orc/cursed -3 glaive (4)]
  3272 | D:4      | Killed from afar by Blork the orc

Illustrated notes

Levels and vault maps discovered:
D:1:      erik_arrival_blinker_ship, layout_basic
D:2:      layout_basic, lemuel_coloured_pillars_altar, interstate_on_off,
          minmay_misc_feat_ornament
D:3:      layout_basic, good_gods_mini_temple, chequers_ecumenical_altar_island
D:4:      layout_basic, serial_shops,
          nicolae_shop_temple_entry_statues_fountains, uniq_sigmund,
          uniq_blork_the_orc

Skill      XL: |  1  2  3  4 |
---------------+-------------+-----
Long Blades    | 2 |  2.5
Dodging        | 1 |  1.9
Armour         | 3 |  3.1
Shields        | 3 |  3.0
Fighting       | |  3.6

Action                   |  1- 3 |  4- 6 || total
-------------------------+-------+-------++-------
Melee: Long sword        |   138 |    92 ||   230
  Use: Potion            |       |     1 ||     1
Armor: Scale mail        |   107 |    33 ||   140
Dodge: Dodged            |    72 |    38 ||   110
Block: Kite shield       |    91 |    44 ||   135
       Rpst.: Long sword |    20 |    12 ||    32
